 Dungeon Crawl Stone Soup version 0.26.0-9-gab577f9fc5 (webtiles) character file.

Game seed: 4662913375430145458

35 DocSulfur the Chopper (level 3, 27/27 HPs)
             Began as a Demonspawn Gladiator on Jan 13, 2021.
             Got out of the dungeon alive.
             The game lasted 00:04:05 (891 turns).

DocSulfur the Chopper (Demonspawn Gladiator)         Turns: 891, Time: 00:04:06

Health: 27/27      AC:  8    Str: 15    XL:     3   Next: 17%
Magic:  3/3        EV: 11    Int:  9    God:
Gold:   72         SH:  0    Dex: 14    Spells: 2/2 levels left

rFire    . . .     SeeInvis .   a - +0 war axe
rCold    . . .     Faith    .   (no shield)
rNeg     . . .     Spirit   .   h - +0 ring mail
rPois    .         Reflect  .   m - +0 helmet
rElec    .         Harm     .   (no cloak)
rCorr    .         Rampage  .   (no gloves)
Will     +....     Rnd*Tele +   (no boots)
Stlth    +.........             (no amulet)
HPRegen  0.09/turn              j - ring of teleportation (curse)
MPRegen  0.08/turn              l - ring of willpower

@: no status effects
A: talons 1, slimy green scales 1
a: no special abilities


You escaped.
You visited 1 branch of the dungeon, and saw 1 of its levels.

You collected 72 gold pieces.

Inventory:

Hand Weapons
 a - a +0 war axe (weapon)
Missiles
 d - 3 throwing nets
 e - 15 poisoned darts (quivered)
 i - 51 stones
Armour
 h - a +0 ring mail (worn)
 m - a +0 helmet (worn)
Jewellery
 j - a cursed ring of teleportation (left hand)
 l - a ring of willpower (right hand)
Scrolls
 b - a scroll of enchant armour
 f - a scroll of teleportation {unknown}
 k - a scroll of immolation
Potions
 c - a potion of cancellation {unknown}
 g - 3 potions of heal wounds {unknown}


   Skills:
 - Level 2.0 Fighting
 * Level 3.5 Axes
 + Level 2.3 Throwing
 - Level 2.6 Dodging


You had 2 spell levels left.
You didn't know any spells.
Your spell library was empty.

Dungeon Overview and Level Annotations

Branches:
Dungeon (1/15)

Altars:


Innate Abilities, Weirdness & Mutations

You have sharp toenails.
You are partially covered in slimy green scales. (AC +2)


Message History

You drop a +0 helmet.
Sorry, you're not good enough to have a special ability.
A kobold comes into view. It is wielding a +0 dagger.
The kobold shouts!
You see here 15 sling bullets.
You barely miss the kobold. You claw the kobold, but do no damage.
The kobold hits you but does no damage.
You hit the kobold.
You kill the kobold!
g - 3 fizzy red potions (gained 1)
Things that are here:
a +0 dagger; a kobold corpse
c - an emerald potion You open the door.
There is an open door here.
There is an open gate here.
There is a staircase leading out of the dungeon here.
You can't go down here!
Are you sure you want to leave the Dungeon?
This will make you lose the game!
You have escaped!

######'##
#.#...#..###.#######
#.......# #.#...#.## #.# #
#.......# #.....#.# #.# #
#.......######..##.# #.# #
#.......'..........# #.# #
#.......##.......### #.# #
###.......##.##'''##.## #.#
#
.#........##.#.....#..###.##
#
..........##.#..@..#.......#
..#...######.#.....#...##.##
#.###.#
#.#.....#...##########
..#...#
#.##'''##.............
.(..).####
#.........############
.###.....# ###########
..#......#
##......#############
..#......#
#.......##..........#
.........#
#.......##......)...#


There were no monsters in sight!

Vanquished Creatures
  An ooze (D:1)
  A ball python (D:1)
  A bat (D:1)
  2 giant cockroaches (D:1)
  6 goblins (D:1)
  5 hobgoblins (D:1)
  2 jackals (D:1)
  3 kobolds (D:1)
  4 frilled lizards (D:1)
  A rat (D:1)
26 creatures vanquished.

Notes
Turn   | Place    | Note
-------+----------+-------------------------------------------
     0 | D:1      | DocSulfur the Demonspawn Gladiator began the quest for the
                  | Orb.
     0 | D:1      | Reached XP level 1. HP: 16/16 MP: 1/1
   217 | D:1      | Reached skill level 3 in Axes
   271 | D:1      | Gained mutation: You have sharp toenails. [demonic
                  | ancestry]
   271 | D:1      | Reached XP level 2. HP: 17/22 MP: 2/2
   779 | D:1      | Gained mutation: You are partially covered in slimy green
                  | scales. (AC +2) [demonic ancestry]
   779 | D:1      | Reached XP level 3. HP: 27/27 MP: 3/3
   891 | D:$      | Got out of the dungeon alive.

Illustrated notes

Levels and vault maps discovered:
D:1:      dpeg_arrival_windows_large_door, layout_basic, minmay_pentomino_t4

Skill      XL: |  1 |
---------------+----+-----
Axes           | 3 |  3.5
Throwing       | 2 |  2.3
Fighting       | |  2.0
Dodging        | |  2.6

Action                   || total
-------------------------++-------
Melee: War axe           ||    66
       Kick              ||    10
  Use: Scroll            ||     2
Armor: Leather armour    ||     4
       Ring mail         ||    25
Dodge: Dodged            ||    36
